 Dungeon Crawl Stone Soup version 0.19.5 (webtiles) character file.

118 RaHiT the Magician (level 4, 0/30 HPs)
             Began as a Mummy Conjurer on May 24, 2017.
             Slain by an orc
             ... wielding a +1 whip of draining
              (1 damage)
             ... on level 3 of the Dungeon.
             The game lasted 00:07:03 (1994 turns).

RaHiT the Magician (Mummy Conjurer)                 Turns: 1994, Time: 00:07:03

Health: 0/30       AC:  3    Str: 11    XL:     4   Next: 72%
Magic:  1/10       EV: 12    Int: 15    God:
Gold:   122        SH:  3    Dex: 12    Spells: 3 memorised, 5 levels left

rFire  x . .     SeeInvis .     (no weapon)
rCold  + . .     Gourm    .     a - +0 robe
rNeg   + + +     Faith    .     (no shield)
rPois  ∞         Spirit   .     (no helmet)
rElec  .         Reflect  +     (no cloak)
rCorr  .         Harm     .     (no gloves)
MR     .....                    d - +0 pair of boots
Stlth  ++........               j - +3 amulet of reflection
                                (no ring)
                                (no ring)

@: slowed, very slow
A: no food or potions, fire vulnerability, cold resistance 1, negative energy
resistance 3, torment resistance, unbreathing
a: no special abilities


You were on level 3 of the Dungeon.
You were not hungry.

You visited 1 branch of the dungeon, and saw 3 of its levels.

You collected 122 gold pieces.

Inventory:

Missiles
 k - 25 poisoned needles
Armour
 a - a +0 robe (worn)
 d - a +0 pair of boots (worn)
Jewellery
 h - an uncursed amulet of regeneration
 j - a +3 amulet of reflection (around neck)
Scrolls
 c - 4 scrolls of enchant weapon {unknown}
 e - 3 scrolls of blinking {unknown}
 f - 2 scrolls of remove curse {unknown}
 g - 2 scrolls of identify {unknown}
 i - a scroll of amnesia {unknown}
 l - a scroll of teleportation {unknown}
 m - a scroll of fog {unknown}
 n - a scroll of immolation {unknown}
 o - a scroll of random uselessness {unknown}
 p - a scroll of fear {unknown}
Books
 b - a book of Conjurations

   Spells                             Type                      Level
   a - Magic Dart                     Conjuration                  1
   b - Searing Ray                    Conjuration                  2
   c - Dazzling Spray                 Conjuration/Hexes            3
   d - Fulminant Prism                Conjuration/Hexes            4
   e - Iskenderun's Mystic Blast      Conjuration                  4
   f - Iskenderun's Battlesphere      Conjuration/Charms           5


   Skills:
 - Level 1.6 Dodging
 - Level 1.5 Stealth
 + Level 4.5 Spellcasting
 - Level 3.3 Conjurations


You had 5 spell levels left.
You knew the following spells:

 Your Spells              Type           Power        Failure   Level  Hunger
a - Magic Dart            Conj           ##..         6%          1    N/A
b - Iskenderun's Mystic   Conj           ##......     54%         4    N/A
q - Searing Ray           Conj           ##....       10%         2    N/A

Dungeon Overview and Level Annotations

Branches:
Dungeon (3/15)

Altars:


Innate Abilities, Weirdness & Mutations

You do not eat or drink.
Your flesh is vulnerable to fire.
You are immune to poison.
Your flesh is cold resistant. (rC+)
You are immune to negative energy. (rN+++)
You are immune to unholy pain and torment.
You can survive without breathing.


Message History

The magic dart hits the orc wizard.
You kill the orc wizard!
The orc hits you with a whip of draining.
* * * LOW HITPOINT WARNING * * *
The orc hits you but does no damage. You block the orc's attack.
The orc wizard shouts!
The orc wizard casts a spell.
The orc wizard flickers and vanishes!
Deactivating autopickup; reactivate with Ctrl-A.
The orc shouts!
The orc completely misses you. The orc hits you but does no damage.
The orc hits you with a whip of draining.
* * * LOW HITPOINT WARNING * * *
A magic dart appears from out of thin air!
The magic dart hits you!
* * * LOW HITPOINT WARNING * * *
The orc hits you with a whip of draining.
You die...

#.............
#.............
######.#####..
#># #.# #.##
#..# ##.###
#.@.##########
####o.........#
#.......####..#
#.......# #.##
#.......####.#
######.......#
###.o.### #
##..#####..#
###........# #


You could see 2 orcs.

Vanquished Creatures
  An orc wizard (D:3)
  5 adders (D:2)
  A worm (D:2)
  4 dart slugs (D:1)
  A leopard gecko (D:3)
  A bat (D:1)
  2 giant cockroaches
  7 goblins
  3 hobgoblins
  3 kobolds
  A quokka (D:3)
  2 ball pythons
  3 frilled lizards
  5 rats
39 creatures vanquished.

Notes
Turn   | Place    | Note
-------+----------+-------------------------------------------
     0 | D:1      | RaHiT the Mummy Conjurer began the quest for the Orb.
     0 | D:1      | Reached XP level 1. HP: 13/13 MP: 3/3
   347 | D:1      | Reached XP level 2. HP: 19/19 MP: 2/5
   351 | D:1      | Learned a level 2 spell: Searing Ray
   792 | D:1      | Reached skill level 3 in Spellcasting
   972 | D:2      | Reached XP level 3. HP: 14/24 MP: 1/7
  1564 | D:2      | Reached skill level 4 in Spellcasting
  1564 | D:2      | Reached XP level 4. HP: 30/30 MP: 5/10
  1573 | D:2      | Learned a level 4 spell: Iskenderun's Mystic Blast
  1994 | D:3      | HP: 1/30 [something/magic dart (8)]
  1994 | D:3      | Slain by an orc

Skill      XL: |  1  2  3 |
---------------+----------+-----
Spellcasting   | 3 4 |  4.5
Dodging        | |  1.6
Stealth        | |  1.5
Conjurations   | |  3.3

Action                   |  1- 3 |  4- 6 || total
-------------------------+-------+-------++-------
Melee: Unarmed           |    17 |       ||    17
 Cast: Magic Dart        |    45 |    18 ||    63
       Searing Ray       |     9 |     4 ||    13
Armor: Robe              |     8 |     3 ||    11
Dodge: Dodged            |     8 |     9 ||    17
Block: Other             |     2 |     2 ||     4
       Reflection        |     1 |       ||     1
